Map: Lightshade LE

Players

Maplez - Winner!

  • Race: Protoss Protoss

Neeb

  • Race: Protoss Protoss

VOD

Have the link to the VOD?

Description

Time

  • Played on: Oct. 9, 2021, 3:15 p.m.
  • Length: 3:03
Show
View Real Time Build Order
Export as new Build Order

Maplez Protoss - Winner!

Build Orders:  

Get SALT Encoding   

  12  0:00  Probe  
  13  0:12  Probe  
  14  0:16  Pylon  
  14  0:24  Probe (Chrono Boost)  
  15  0:36  Probe (Chrono Boost)  
  15  0:37  Forge  
  16  0:43  Probe (Chrono Boost)  
  17  0:56  Pylon  
  17  1:02  Assimilator  
  17  1:13  Pylon  
  17  1:14  Pylon  
  17  1:16  Pylon  
  17  1:17  Pylon  
  18  1:31  Photon Cannon  
  17  1:37  Gateway  
  17  1:42  Pylon  
  17  1:45  Probe  
  18  1:51  Assimilator  
  18  1:57  Probe  
  19  2:06  Pylon  
  19  2:14  Photon Cannon  
  19  2:16  Probe (Chrono Boost)  
  20  2:29  Cybernetics Core  
  21  2:39  Pylon  
  21  2:46  Pylon  
  21  2:48  Probe  
Show
View Real Time Build Order
Export as new Build Order

Neeb Protoss 

Build Orders:  

Get SALT Encoding   

  12  0:00  Probe  
  13  0:12  Probe  
  14  0:17  Pylon  
  14  0:24  Probe (Chrono Boost)  
  15  0:36  Probe (Chrono Boost)  
  15  0:38  Gateway  
  16  0:45  Probe (Chrono Boost)  
  16  0:46  Assimilator  
  17  0:51  Probe  
  18  1:03  Probe  
  19  1:25  Zealot (Chrono Boost)  
  21  1:39  Cybernetics Core  
  22  1:45  Pylon  
  11  2:29  Probe (Chrono Boost)  
Tags
 
Add a new tag
Caveats
  • Supply blocks, unpowered buildings, or Contaminate may cause inaccurate times.
  • Supply counts are checked every 10 seconds.